Map: Acid Plant LE

Players

Elazer

  • Race: Zerg Zerg
  • League: Grandmaster
  • Spawn Location: 11:00

HeRoMaRinE - Winner!

  • Race: Terran Terran
  • League: Master
  • Spawn Location: 5:00

Event: HomeStory Cup XVII

VOD

Have the link to the VOD?

Description

Time

  • Played on: June 29, 2018, 10:56 a.m.
  • Length: 12:42

All games in this series

Show
View Real Time Build Order
Export as new Build Order

Elazer Zerg 

Build Orders: Hatch First 

Get SALT Encoding   

  12  0:00  Drone  
  13  0:12  Overlord  
  13  0:16  Drone  
  14  0:31  Drone x2  
  16  0:48  Hatchery  
  15  0:52  Drone  
  15  0:55  Drone  
  17  0:58  Drone  
  18  1:09  Extractor  
  17  1:14  Spawning Pool  
  17  1:17  Drone  
  17  1:20  Drone  
  18  1:29  Drone  
  19  1:39  Drone  
  20  1:50  Drone  
  21  2:00  Queen x2  
  26  2:01  Zergling x4  
  27  2:15  Hatchery  
  26  2:20  Overlord  
  26  2:23  Drone  
  26  2:25  Drone  
  27  2:41  Metabolic Boost, Queen  
  27  2:43  Drone  
  30  2:45  Drone  
  31  2:54  Drone x3  
  31  2:57  Overlord  
  34  3:00  Drone  
  35  3:15  Drone x4  
  35  3:16  Drone x2  
  35  3:19  Queen  
  43  3:25  Overlord  
  43  3:28  Drone x2  
  45  3:34  Queen  
  45  3:35  Drone  
  45  3:38  Drone  
  49  3:44  Overlord  
  49  3:45  Drone x2  
  49  3:46  Drone  
  52  3:50  Drone x2  
  54  3:55  Drone  
  54  3:57  Queen  
  54  3:59  Overlord  
  57  4:09  Lair  
  57  4:13  Overlord  
  57  4:16  Spore Crawler  
  56  4:18  Spore Crawler, Drone  
  56  4:19  Drone x2  
  56  4:20  Zergling x4, Drone  
  56  4:21  Zergling x2  
  62  4:24  Spore Crawler  
  62  4:25  Zergling x2  
  62  4:27  Zergling x2  
  62  4:30  Drone x2  
  65  4:33  Zergling x2  
  65  4:36  Overlord  
  65  4:38  Drone x3  
  69  4:39  Drone  
  70  4:46  Drone  
  70  4:49  Baneling Nest, Extractor, Drone x2  
  70  4:52  Overlord  
  71  4:53  Drone x2  
  71  4:58  Drone x2  
  75  5:03  Evolution Chamber  
  75  5:04  Drone x4, Evolution Chamber  
  75  5:07  Extractor  
  76  5:09  Overlord  
  76  5:10  Drone x3  
  79  5:16  Drone x4  
  79  5:17  Extractor  
  79  5:18  Drone x3  
  85  5:28  Overlord, Extractor  
  84  5:29  Drone  
  84  5:32  Zerg Ground Armor Level 1  
  84  5:35  Zerg Melee Weapons Level 1  
  85  5:37  Overlord  
  85  5:40  Hatchery  
  85  5:42  Drone  
  85  5:46  Centrifical Hooks, Hatchery  
  84  5:52  Drone x2  
  84  5:54  Drone x2  
  84  5:55  Drone  
  89  5:58  Overlord  
  89  5:59  Burrow  
  89  6:04  Zergling x2  
  89  6:05  Zergling x12  
  89  6:09  Overlord  
  96  6:13  Zergling x2  
  96  6:14  Zergling x8  
  101  6:21  Overlord  
  101  6:22  Zergling x2  
  101  6:23  Zergling x2  
  102  6:27  Baneling x5  
  102  6:30  Overlord  
  102  6:35  Zergling x10  
  107  6:40  Zergling x6  
  109  6:47  Hydralisk Den, Zergling x2  
  109  6:48  Zergling x6  
  109  6:49  Overseer  
  109  6:52  Baneling x5  
  112  6:55  Zergling x10  
  117  7:03  Zergling x10  
  120  7:13  Zergling x12  
  110  7:17  Zergling x8  
  112  7:25  Drone x4  
  112  7:27  Muscular Augments  
  112  7:28  Zerg Ground Armor Level 2  
  112  7:29  Zerg Melee Weapons Level 2  
  116  7:30  Drone  
  116  7:33  Drone  
  116  7:34  Drone  
  116  7:35  Drone  
  116  7:36  Drone x3  
  122  7:37  Baneling x2  
  122  7:40  Baneling x4  
  122  7:41  Baneling x5  
  122  7:42  Hatchery  
  121  7:48  Zergling x8  
  125  7:53  Zergling x4  
  125  7:58  Overlord  
  127  8:01  Overlord  
  127  8:02  Overlord  
  127  8:05  Hydralisk x7  
  141  8:13  Hydralisk  
  141  8:14  Hydralisk x4  
  149  8:24  Hydralisk x2  
  149  8:28  Zergling x6  
  149  8:31  Overlord  
  152  8:38  Zergling x6  
  152  8:40  Overlord  
  151  8:43  Grooved Spines  
  151  8:44  Infestation Pit  
  143  8:51  Zergling x8  
  143  8:52  Baneling  
  143  8:53  Baneling x7  
  148  8:55  Zergling x2  
  148  8:59  Zergling x26  
  148  9:01  Baneling x11  
  161  9:04  Zergling x2  
  162  9:16  Overlord  
  156  9:17  Zergling x12  
  156  9:23  Zergling x10  
  160  9:30  Zergling x2  
  160  9:31  Zergling x18  
  166  9:32  Baneling x3  
  166  9:34  Hive  
  166  9:38  Zergling x12  
  170  9:47  Zergling x2  
  170  9:48  Zergling x4  
  147  9:54  Zergling x10  
  150  10:02  Baneling x3  
  150  10:03  Baneling x7  
  150  10:04  Hatchery, Zergling x22  
  160  10:13  Zergling x10  
  162  10:17  Baneling x3  
  162  10:18  Zergling x2  
  162  10:19  Zergling x2  
  160  10:21  Baneling x10  
  160  10:22  Baneling  
  160  10:24  Zergling x16  
  160  10:25  Zergling x10  
  168  10:34  Zergling x12  
  157  10:37  Baneling x8  
  157  10:41  Zergling x6  
  158  10:43  Baneling x5  
  158  10:45  Zergling x6  
  161  10:50  Zergling x2  
  161  10:51  Zergling x2  
  161  10:52  Viper  
  161  10:54  Zergling x2  
  161  10:55  Zergling x16  
  166  11:06  Zergling x14  
  166  11:11  Zergling x8  
  159  11:16  Zergling x2  
  159  11:17  Baneling x6  
  153  11:20  Zergling x4  
  153  11:24  Zergling x6  
  145  11:27  Zergling x6  
  145  11:28  Baneling  
  145  11:29  Baneling x14  
  145  11:30  Queen x3  
  145  11:31  Zergling x2, Hydralisk  
  119  11:40  Zergling x10  
  119  11:41  Zergling x2  
  108  11:47  Zergling x12  
  107  11:55  Zergling x14  
  107  12:01  Zergling x2  
  107  12:02  Zergling x10  
  107  12:04  Zergling x6  
  101  12:10  Zergling x4  
  101  12:15  Zergling x6  
  98  12:18  Zergling x2  
  98  12:19  Zergling x4  
  87  12:23  Zergling x6  
  87  12:27  Baneling Nest  
Show
View Real Time Build Order
Export as new Build Order

HeRoMaRinE Terran - Winner!

Build Orders: Hellion Opening, Reaper Expand, MMM Bio 

Get SALT Encoding   

  12  0:00  SCV  
  13  0:12  SCV  
  14  0:17  Supply Depot  
  14  0:25  SCV  
  15  0:39  SCV  
  15  0:41  Barracks  
  16  0:44  Refinery  
  16  0:51  SCV  
  17  1:03  SCV  
  18  1:15  SCV  
  19  1:27  Reaper  
  19  1:28  Orbital Command  
  20  1:40  Command Center  
  20  1:49  Supply Depot  
  20  1:53  SCV  
  21  1:59  Marine  
  22  2:05  SCV  
  22  2:07  Factory  
  23  2:11  Refinery  
  23  2:17  SCV  
  24  2:23  Barracks Reactor  
  24  2:29  SCV  
  25  2:42  SCV  
  26  2:53  Starport, Orbital Command  
  26  2:54  SCV  
  27  3:05  Hellion x2  
  31  3:06  SCV  
  31  3:10  Barracks Tech Lab  
  32  3:16  Supply Depot  
  32  3:18  SCV  
  32  3:19  SCV  
  34  3:26  Hellion x2  
  38  3:30  SCV  
  38  3:31  SCV  
  40  3:40  Raven, Supply Depot  
  40  3:41  Marine  
  43  3:42  SCV  
  43  3:43  SCV  
  43  3:48  Hellion x2  
  49  3:54  SCV  
  49  3:55  SCV  
  51  4:04  Supply Depot, Barracks Tech Lab  
  51  4:06  SCV  
  51  4:07  SCV  
  53  4:15  Command Center  
  53  4:18  SCV  
  53  4:19  SCV  
  53  4:23  Stimpack, Marine  
  56  4:27  Supply Depot  
  56  4:32  SCV x2  
  56  4:33  Starport Reactor  
  56  4:34  Barracks  
  56  4:37  Barracks  
  58  4:40  Marine  
  58  4:44  Siege Tank  
  62  4:46  SCV x2  
  64  4:56  Engineering Bay x2  
  64  4:58  SCV x2, Marine  
  67  5:01  Refinery  
  67  5:02  Refinery  
  67  5:10  SCV  
  67  5:11  SCV  
  69  5:16  Marine  
  69  5:17  Starport Reactor  
  69  5:18  Siege Tank  
  73  5:23  SCV x2  
  73  5:27  Marine x2  
  77  5:29  Terran Infantry Weapons Level 1  
  77  5:30  Orbital Command  
  77  5:31  Terran Infantry Armor Level 1  
  77  5:32  Marine x2  
  77  5:34  Marine  
  80  5:42  SCV  
  81  5:46  Marine x2, SCV, Barracks  
  81  5:47  Barracks  
  81  5:49  Marine  
  84  5:52  Orbital Command  
  84  5:54  SCV  
  84  5:55  Supply Depot  
  84  5:58  SCV  
  84  6:00  Supply Depot  
  84  6:03  Marine x2  
  87  6:04  Marine x2  
  87  6:05  Medivac x2  
  87  6:11  SCV x2  
  95  6:13  Marine  
  96  6:19  SCV  
  96  6:21  Marine x2  
  96  6:22  Marine  
  96  6:23  Combat Shield, SCV x2  
  102  6:31  SCV, Marine x2  
  105  6:34  Barracks Reactor  
  105  6:35  Siege Tank, SCV x2, Barracks Reactor  
  110  6:40  Marine x3  
  110  6:43  SCV  
  110  6:44  Supply Depot x2  
  114  6:47  SCV x2  
  114  6:49  Marine  
  117  6:56  Supply Depot x2  
  117  7:05  SCV x3, Marine x4  
  117  7:08  Armory  
  123  7:12  Marine x2  
  123  7:13  Marine  
  123  7:14  Marine x2  
  106  7:17  SCV  
  106  7:19  Siege Tank  
  106  7:20  SCV x2  
  108  7:23  Marine x4  
  112  7:30  Marine x2  
  112  7:31  Marine x2  
  112  7:32  Marine  
  112  7:34  Refinery  
  117  7:41  Marine x4  
  121  7:44  Supply Depot  
  121  7:48  Marine x2  
  121  7:49  Marine x2  
  121  7:50  Marine  
  126  7:54  Barracks  
  126  7:55  Barracks x2  
  124  7:58  Marine x4  
  124  7:59  SCV x2  
  124  8:03  SCV  
  124  8:04  Supply Depot  
  131  8:05  Marine x2  
  131  8:07  Marine x2  
  131  8:08  Marine  
  131  8:11  Medivac x2  
  140  8:13  Siege Tank  
  140  8:15  Terran Infantry Weapons Level 2  
  140  8:16  Terran Infantry Armor Level 2, Marine x3  
  140  8:17  Marauder  
  140  8:19  Terran Vehicle Weapons Level 1  
  148  8:25  Marine x4  
  148  8:26  Marine  
  153  8:34  Marine x2  
  153  8:38  Marauder, Marine  
  153  8:41  Medivac x2  
  156  8:42  Barracks Tech Lab x3, Marine  
  156  8:43  Marine  
  158  8:50  Supply Depot, Marine  
  158  8:51  Marine x2, Command Center  
  158  8:52  Marine x2  
  163  8:58  Supply Depot  
  163  9:00  Marauder, Siege Tank, Supply Depot  
  163  9:02  Marauder x2, Marine  
  173  9:04  Marine  
  173  9:11  Marine x3  
  173  9:15  Unknown x2  
  167  9:17  Marine  
  167  9:18  Marine x3  
  167  9:20  Marine  
  167  9:21  Marauder  
  167  9:22  Marine  
  167  9:23  Marauder, Marine  
  167  9:28  Marine  
  167  9:29  Marauder, Marine, Medivac x2  
  175  9:35  Marine x2  
  175  9:36  Marine x2  
  175  9:37  Marine  
  180  9:39  Marine  
  180  9:41  Marauder  
  180  9:42  Marauder  
  180  9:44  Marauder  
  179  9:48  Marine x2  
  179  9:52  Marauder  
  176  9:53  Marine x3  
  176  9:54  Marine  
  176  9:55  Siege Tank  
  176  9:59  Medivac x2  
  184  10:10  Marauder, Sensor Tower  
  184  10:12  Marine x2  
  188  10:17  Marauder x2  
  188  10:19  Marine x3  
  195  10:22  Marauder, Marine x2  
  195  10:23  Marine  
  190  10:48  Supply Depot  
  190  10:54  Missile Turret  
  185  11:05  Marauder, Marine x4  
  185  11:09  Marine x4, Medivac x2  
  185  11:10  Marauder, Marine  
  185  11:11  Marine  
  168  11:23  Marauder, Marine x3  
  145  11:27  Marauder x2, Marine x3  
  145  11:28  Marine x2  
  145  11:29  Orbital Command  
  145  11:30  Marine  
  142  11:39  Medivac x2  
  142  11:40  Orbital Command, Marine x3  
  142  11:44  Marine x2  
  142  11:45  Marauder, Marine  
  142  11:46  Marine x2  
  143  11:48  Marine x3  
  138  11:58  Marine x2  
  114  12:04  Marine  
  114  12:07  Marauder  
  117  12:15  Marine  
Tags
 
Add a new tag
Caveats
  • Supply blocks, unpowered buildings, or Contaminate may cause inaccurate times.
  • Supply counts are checked every 10 seconds.